 Dungeon Crawl Stone Soup version 0.31-a0-259-g771a54ca4b (webtiles) character file.

Game seed: 13734766895301335317

150 qw the Shooter (level 5, -3/41 HPs)
             Began as a Minotaur Hexslinger on July 13, 2023.
             Slain by a black bear (5 damage)
             ... on level 4 of the Dungeon.
             The game lasted 00:00:54 (1699 turns).

qw the Shooter (Minotaur Hexslinger)                Turns: 1699, Time: 00:00:55

Health: -3/41      AC:  5    Str: 13    XL:     5   Next: 10%
Magic:  5/5        EV: 11    Int: 10    God:
Gold:   132        SH:  5    Dex: 14    Spells: 5/6 levels left

rFire   . . .        Y - +1 sling
rCold   . . .        (no shield)
rNeg    . . .        a - +0 ring mail
rPois   .            (helmet restricted)
rElec   .            (no cloak)
rCorr   .            (no gloves)
SInv    .            (no boots)
Will    .....        c - amulet of reflection
Stlth   +            (no ring)
HPRegen 0.26/turn    (no ring)
MPRegen 0.09/turn

%: reflection
@: lethally poisoned (-3 -> -4)
A: horns 2, retaliatory headbutt
a: no special abilities


You were on level 4 of the Dungeon.
You visited 1 branch of the dungeon, and saw 4 of its levels.

You collected 132 gold pieces.


Innate Abilities, Weirdness & Mutations

You have a pair of horns on your head.
You reflexively headbutt those who attack you in melee.


   Skills:
 + Level 2.2 Fighting
 - Level 5.3 Ranged Weapons
 - Level 1.5 Armour
 - Level 2.1 Dodging
 - Level 1.0 Spellcasting
 - Level 2.0 Hexes


You had 5 spell levels left.
You knew the following spells:

 Your Spells              Type           Power      Damage    Failure   Level
a - Slow                  Hex            16%        N/A       32%         1

Your spell library contained the following spells:

 Spells                   Type           Power      Damage    Failure   Level
 Inner Flame              Hex/Fire       2%         N/A       82%         3
 Portal Projectile        Hex/Tloc       4%         N/A       82%         3
 Cause Fear               Hex            2%         N/A       97%         4

Inventory:

Hand Weapons
 Y - a +1 sling (weapon)
Armour
 a - a +0 ring mail (worn)
Jewellery
 c - an amulet of reflection (around neck)
Scrolls
 b - 2 scrolls of identify
Potions
 e - a potion of mutation
 f - a potion of haste
 g - 2 potions of curing {unknown}
 h - a potion of cancellation {unknown}

Dungeon Overview and Level Annotations

Branches:
Dungeon (4/15)
 Temple: D:4-7

Altars:
Vehumet
Wu Jian

Annotations:
D:3 2 transporters, qw's ghost, amateur MiHs
D:4 3 runed translucent doors


Message History

The adder closely misses you. The black bear bites you.
The black bear closely misses you. The black bear claws you.
The jelly barely misses you. You furiously retaliate!
You headbutt the jelly! The adder barely misses you. The black bear bites you.
The black bear claws you. x2
1695 ||| DRINKING 2 potions of heal wounds.
You feel much better. The black bear closely misses you.
The black bear barely misses you. The black bear claws you.
The jelly hits you but does no damage. The adder bites you.
You are poisoned.
The adder poisons you!
You shoot a sling bullet. The sling bullet hits the black bear.
The black bear is almost dead.
You feel sick. The black bear bites you!
The black bear claws you but does no damage.
The black bear claws you. The adder bites you but does no damage.
The jelly hits you but does no damage. The black bear bites you.
The black bear claws you but does no damage. x2
The adder bites you but does no damage.
1697 ||| DRINKING potion of heal wounds.
You feel much better.
You feel sick. The black bear bites you. The black bear barely misses you.
The black bear claws you. The jelly closely misses you.
You furiously retaliate!
You headbutt the jelly!
You kill the jelly!
The adder barely misses you.
Your Ranged Weapons skill increases to level 5!
You have reached level 5!
You shoot a sling bullet. The sling bullet hits the black bear.
The black bear is almost dead.
You feel sick. The black bear barely misses you.
The black bear claws you but does no damage.
The black bear barely misses you. The adder closely misses you.
You furiously retaliate!
You headbutt the adder.
You kill the adder!
The black bear bites you! The black bear claws you. x2
You shoot a sling bullet.
The sling bullet closely misses the black bear.
You feel sick. The black bear bites you. The black bear claws you.
You die...

## .#. .##)..#
########%..#
######......@h..#
#......######%.....#
#.####.## ..#....
##...## ....##.
##.....# ..###
#......# ...
.#......# .###
##.#.#...## .#
##........#


You could see a black bear (berserk).

Vanquished Creatures
  A jelly (D:4)
  Ijyb (D:3)
  5 adders
  A dart slug (D:1)
  An orc (D:4)
  6 ball pythons
  6 endoplasms
  3 giant cockroaches (D:4)
  10 goblins
  5 hobgoblins (D:3)
  A quokka (D:2)
  3 bats
  2 frilled lizards
  5 kobolds
50 creatures vanquished.

Notes
Turn   | Place    | Note
-------+----------+-------------------------------------------
     0 | D:1      | qw the Minotaur Hexslinger began the quest for the Orb.
     0 | D:1      | Reached XP level 1. HP: 16/16 MP: 1/1
     0 | D:1      | 0 ||| qw: Version: 0.3-a-52-g30416fa
     0 | D:1      | 0 ||| qw: Game counter: 6847
     0 | D:1      | 0 ||| qw: Melee chars always use a shield: true
     0 | D:1      | 0 ||| qw: God list: Okawaru
     0 | D:1      | 0 ||| qw: Allow faded altars: false
     0 | D:1      | 0 ||| qw: Do Orc after clearing Dungeon:15 true
     0 | D:1      | 0 ||| qw: Do second Lair branch before Depths: true
     0 | D:1      | 0 ||| qw: Lair rune preference: random
     0 | D:1      | 0 ||| qw: Goals: Normal
     0 | D:1      | 0 ||| PLANNING D:1-11
    51 | D:1      | 51 ||| FLEEEEING.
    52 | D:1      | 52 ||| FLEEEEING.
    86 | D:1      | Reached skill level 3 in Ranged Weapons
    86 | D:1      | Reached XP level 2. HP: 20/23 MP: 2/2
    86 | D:1      | 86 ||| FLEEEEING.
    87 | D:1      | 87 ||| FLEEEEING.
    88 | D:1      | 88 ||| FLEEEEING.
    89 | D:1      | 89 ||| FLEEEEING.
   413 | D:1      | 413 ||| UPGRADING to +0 leather armour.
   423 | D:1      | 423 ||| DROPPING +0 robe.
   424 | D:1      | 424 ||| READING scroll labelled ELLYUPE HANITH.
   525 | D:1      | 525 ||| READING scroll labelled XINEOC ETOITZ.
   526 | D:1      | 526 ||| READING scroll labelled GUTSYI VY CAI.
   527 | D:1      | 527 ||| READING scroll labelled YLOCOQ WAKE.
   532 | D:1      | 532 ||| DRINKING 2 black potions.
   533 | D:1      | 533 ||| DROPPING scroll of poison.
   608 | D:2      | Reached XP level 3. HP: 26/29 MP: 3/3
   764 | D:2      | Reached skill level 4 in Ranged Weapons
   912 | D:2      | 912 ||| UPGRADING to +0 ring mail.
   922 | D:2      | 922 ||| DROPPING +0 leather armour.
   923 | D:2      | 923 ||| DRINKING 3 fizzy yellow potions.
   982 | D:3      | Found a transporter.
   988 | D:3      | Noticed qw's ghost (amateur MiHs)
  1019 | D:3      | Reached skill level 1 in Armour
  1112 | D:3      | Found a transporter.
  1142 | D:3      | Reached XP level 4. HP: 36/36 MP: 4/4
  1174 | D:3      | Noticed Ijyb
  1273 | D:3      | Killed Ijyb
  1382 | D:3      | Found a radiant altar of Vehumet.
  1382 | D:3      | Found an ornate altar of the Wu Jian Council.
  1558 | D:3      | 1558 ||| DROPPING scarf of shadows.
  1559 | D:3      | 1559 ||| UPGRADING to amulet of reflection.
  1564 | D:3      | 1564 ||| READING scroll labelled KUODA NYTASK.
  1565 | D:3      | 1565 ||| READING 2 scrolls of identify.
  1565 | D:3      | 1565 ||| IDENTIFYING bubbling coppery potion
  1592 | D:4      | Found a runed translucent gate.
  1593 | D:4      | Found a runed translucent gate.
  1593 | D:4      | Found a runed translucent gate.
  1685 | D:4      | Noticed a black bear
  1694 | D:4      | HP: 5/36 [black bear (5)]
  1695 | D:4      | 1695 ||| DRINKING 2 potions of heal wounds.
  1696 | D:4      | HP: 2/36 [black bear (6)]
  1697 | D:4      | 1697 ||| DRINKING potion of heal wounds.
  1698 | D:4      | Reached skill level 5 in Ranged Weapons
  1698 | D:4      | Reached XP level 5. HP: 22/41 MP: 5/5
  1699 | D:4      | Slain by a black bear

Levels and vault maps discovered:
D:1:      ebering_hopf_link, layout_rooms
D:2:      layout_basic
D:3:      layout_rooms, gammafunk_temple_overflow_statue, gammafunk_ghost_arena,
          grunt_ministairs_2, feat_on_display, uniq_ijyb
D:4:      cheibrodos_greedy_goblins, layout_loops_corners, zin_treasury,
          gammafunk_temple_overflow_wave, kennysheep_mini, fedhas_altar_2,
          gammafunk_ghost_cemetery, minmay_ruined_shrine, uniq_natasha

Skill      XL: |  1  2  3  4 |
---------------+-------------+-----
Ranged Weapons | 3 4 5 |  5.3
Fighting       | 2 |  2.2
Armour         | 1 |  1.5
Dodging        | |  2.1
Spellcasting   | |  1.0
Hexes          | |  2.0

Action                     |  1- 3 |  4- 6 || total
---------------------------+-------+-------++-------
   Fire: Sling             |    89 |    49 ||   138
    Use: Scroll            |     4 |     2 ||     6
         Potion            |     2 |     2 ||     4
 Armour: Robe              |     1 |       ||     1
         Leather armour    |     3 |       ||     3
         Ring mail         |    13 |    41 ||    54
  Dodge: Dodged            |    20 |    57 ||    77
  Block: Other             |       |     4 ||     4

Table legend:
 A = Non-vault XP
 B = Vault XP
 C = Vault XP percentage of total XP
 D = Non-vault monster count
 E = Vault monster count
 F = Vault count percentage of total count
                 A         B        C        D         E       F
            +---------+---------+-------+---------+---------+-------
      Total |     160 |      55 |  25.6 |      43 |       7 |  14.0
            +---------+---------+-------+---------+---------+-------
        D:1 |      23 |       0 |   0.0 |      14 |       0 |   0.0
        D:2 |      41 |       0 |   0.0 |      11 |       0 |   0.0
        D:3 |      44 |      35 |  44.3 |      12 |       3 |  20.0
        D:4 |      52 |      20 |  27.8 |       6 |       4 |  40.0
            +---------+---------+-------+---------+---------+-------
